 Dungeon Crawl Stone Soup version 0.21.1-1-g345015f (webtiles) character file.

346 Fang the Chopper (level 6, -1/42 HPs)
             Began as a Gargoyle Berserker on May 30, 2018.
             Was an Elder of Trog.
             Killed by divine providence
             ... invoked by an orc priest
              (15 damage)
             ... on level 7 of the Dungeon.
             The game lasted 00:04:44 (3151 turns).

Fang the Chopper (Gargoyle Berserker)               Turns: 3151, Time: 00:04:45

Health: -1/42      AC: 10    Str: 23    XL:     6   Next: 59%
Magic:  6/6        EV: 12    Int:  7    God:    Trog [****..]
Gold:   187        SH:  0    Dex:  7    Spells: 5/5 levels left

rFire    . . .     SeeInvis .   a - +2 hand axe
rCold    . . .     Gourm    .   (no shield)
rNeg     + . .     Faith    .   b - +1 animal skin
rPois    ∞         Spirit   .   (no helmet)
rElec    +         Reflect  .   (no cloak)
rCorr    .         Harm     .   (no gloves)
MR       .....                  p - +0 pair of boots
Stlth    ++........             o - amulet of magic regeneration
HPRegen  0.14/turn              d - -2 ring of dexterity (curse)
MPRegen  0.35/turn              (no ring)

@: berserk cooldown, slowed, very slow
A: slimy green scales 1, negative energy resistance 1, robust 1, screaming 1,
electricity resistance, unbreathing, petrification resistance, rot immunity, AC
+4
a: Berserk, Trog's Hand, Brothers in Arms, Burn Spellbooks, Renounce Religion


You were on level 7 of the Dungeon.
You worshipped Trog.
Trog was greatly pleased with you.
You were near starving.

You visited 1 branch of the dungeon, and saw 5 of its levels.

You collected 187 gold pieces.

Inventory:

Hand Weapons
 a - a +2 hand axe (weapon)
Armour
 b - a +1 animal skin (worn)
 p - a +0 pair of boots (worn)
Jewellery
 d - a cursed -2 ring of dexterity (left hand)
 o - an amulet of magic regeneration (around neck)
Scrolls
 g - a scroll of enchant armour
 h - a scroll of random uselessness {unknown}
Potions
 e - 4 potions of lignification
 f - a potion of heal wounds
 j - a potion of haste {unknown}
Comestibles
 c - 7 rations


   Skills:
 + Level 4.6 Fighting
 + Level 4.9 Axes
 + Level 2.2 Armour
 + Level 2.6 Dodging
 + Level 2.6 Stealth


You had 5 spell levels left.
You didn't know any spells.

Dungeon Overview and Level Annotations

Branches:
Dungeon (4/15)
 Temple: D:4-7

Altars:


Innate Abilities, Weirdness & Mutations

You are resistant to torment.
Your stone body is resilient. (AC +4)
You are immune to poison.
You resist negative energy. (rN+)
You are resistant to electric shocks. (rElec)
You can survive without breathing.
You are immune to petrification.
You are immune to rotting.
You are partially covered in slimy green scales. (AC +2)
You are robust. (+10% HP)
You occasionally shout uncontrollably at your foes.


Message History

The wight closely misses you.
You hit the wight.
The wight is almost destroyed.
The wight closely misses you.
You hit the wight but do no damage.
The wight is almost destroyed.
The wight barely misses you.
An orc priest comes into view. It is wielding a war axe.
You hit the wight but do no damage.
The wight is almost destroyed.
The wight hits you but does no damage. The wight completely misses you.
An orc wizard comes into view. It is wielding a dagger.
The orc wizard shouts!
You hit the wight but do no damage.
The wight is almost destroyed.
You are near starving!
You hear a shout!
The orc priest mumbles some strange prayers to Beogh against you.
Beogh smites you!
You die...

..... #..?...#
.....##......#
.............#
.............#
.............#
(z.............+
..o.............#
.....oo..z@.)...#
#....####)))##.#
##....####).[##.##
...................
...................
..)...........%....
...................
###################


You could see a wight, an orc priest and an orc wizard.

Vanquished Creatures
  3 wights (D:7)
  An orc wizard (D:3)
  A worker ant (D:7)
  4 adders
  3 worms
  A leopard gecko (D:3)
  18 orcs
  A ball python (D:1)
  5 giant cockroaches
  12 goblins
  7 hobgoblins
  6 jackals
  8 kobolds
  2 quokkas (D:3)
  14 bats
  8 frilled lizards
  A quokka zombie (D:7)
  12 rats
107 creatures vanquished.

Notes
Turn   | Place    | Note
-------+----------+-------------------------------------------
     0 | D:1      | Fang the Gargoyle Berserker began the quest for the Orb.
     0 | D:1      | Reached XP level 1. HP: 14/14 MP: 1/1
   132 | D:1      | Reached XP level 2. HP: 19/19 MP: 2/2
   255 | D:1      | Reached ** piety under Trog
   262 | D:1      | Reached XP level 3. HP: 17/24 MP: 3/3
   969 | D:2      | Reached skill level 1 in Stealth
  1156 | D:2      | Reached XP level 4. HP: 29/29 MP: 4/4
  1649 | D:2      | Found a faded altar of an unknown god.
  1969 | D:3      | Reached *** piety under Trog
  2481 | D:3      | Reached XP level 5. HP: 33/33 MP: 5/5
  2518 | D:3      | Gained mutation: You are robust. (+10% HP) [potion of mutation]
  2518 | D:3      | Gained mutation: You occasionally shout uncontrollably at your foes. [potion of mutation]
  2518 | D:3      | Gained mutation: You are partially covered in slimy green scales. (AC +2) [potion of mutation]
  3109 | D:4      | You fall through a shaft for 3 floors!
  3129 | D:7      | Reached XP level 6. HP: 42/42 MP: 6/6
  3138 | D:7      | Reached **** piety under Trog
  3151 | D:7      | Killed from afar by an orc priest

Skill      XL: |  1  2  3  4  5 |
---------------+----------------+-----
Axes           | 3 4 |  4.9
Stealth        | 1 2 |  2.6
Dodging        | 2 |  2.6
Fighting       | 4 |  4.6
Armour         | |  2.2

Action                   |  1- 3 |  4- 6 || total
-------------------------+-------+-------++-------
Melee: Hand axe          |   111 |   202 ||   313
Invok: Berserk           |     2 |     1 ||     3
  Use: Scroll            |       |    11 ||    11
       Potion            |       |     1 ||     1
 Stab: Sleeping          |     1 |     4 ||     5
  Eat: Chunk             |     3 |     6 ||     9
Armor: Animal skin       |    50 |    72 ||   122
Dodge: Dodged            |    93 |   138 ||   231
